 Dungeon Crawl Stone Soup version 0.15.1-3-g1b33baa (webtiles) character file.

237 CrazyArbalest the Cutter (level 6, 43/43 HPs)
             Began as a Halfling Fighter on Oct 9, 2014.
             Starved to death
             ... while paralysed
             ... in a sewer.
             The game lasted 00:16:06 (8314 turns).

CrazyArbalest the Cutter (Halfling Fighter)         Turns: 8314, Time: 00:16:07

HP  43/43        AC 13     Str 16      XL: 6   Next: 28%
MP   6/6         EV  3     Int  7      God:
Gold 134         SH  0     Dex 16      Spells:  0 memorised,  5 levels left

rFire  . . .     SeeInvis .     s - +1 dagger (speed)
rCold  . . .     Clarity  .     b - +0 scale mail
rNeg   . . .     rCorr    .     c - +0 buckler
rPois  .         rRot     .     t - +0 helmet
rElec  .         Spirit   .     w - +2 cloak
SustAb .         Warding  .     (no gloves)
rMut   .         Rnd*Tele +     (no boots)
Gourm  .                        (no amulet)
MR     .....                    u - cursed ring of teleportation
                                p - +2 ring of protection

@: paralysed, starving, not resistant to hostile enchantments, extremely
unstealthy
A: mutation resistance 1
a: Evoke Teleportation


You were in a sewer.
You were starving.

You visited 1 branch of the dungeon, and saw 3 of its levels.
You also visited: Sewer.

You collected 134 gold pieces.

Inventory:

Hand weapons
 a - a +0 cutlass
 s - a +1 dagger of speed (weapon)
Missiles
 k - 15 silver sling bullets
 l - 73 stones (quivered)
 n - 17 sling bullets
Armour
 b - a +0 scale mail (worn)
 c - a +0 buckler (worn)
 r - a +0 cloak
 t - a +0 helmet (worn)
 w - a +2 cloak (worn)
Scrolls
 f - 2 scrolls of amnesia
 i - a scroll of immolation
 v - 2 scrolls of blinking
Jewellery
 p - a +2 ring of protection (left hand)
 u - a cursed ring of teleportation (right hand)
Potions
 e - 2 potions of might
 g - a potion of magic


   Skills:
 + Level 3.7 Fighting
 + Level 4.2 Short Blades
 + Level 4.1 Armour
 + Level 3.0 Dodging
 + Level 4.0 Shields


You had 5 spell levels left.
You didn't know any spells.

Dungeon Overview and Level Annotations

Branches:
Dungeon (3/15)

Altars:
Okawaru


Innate Abilities, Weirdness & Mutations

You are small and have problems with some larger weapons.
You are somewhat resistant to further mutation.


Message History

Unknown command.
Read which item? (? for menu, Esc to quit)
Blink to where?
Press: ? - help, Dir - move target cursor Why would you want to do that?
Blink to where?
Press: ? - help, Dir - move target cursor Why would you want to do that?
Blink to where?
Press: ? - help, Dir - move target cursor, f - you
Okay, then.
You're too hungry to rest.
Your surroundings suddenly seem different.
You lose consciousness!
You can move again.
You lose consciousness!
You can move again.
You lose consciousness!
You have starved to death.
You die...

###..≈≈≈≈≈≈≈≈≈
###≈≈≈≈≈≈≈≈≈≈≈≈#
#≈≈≈≈≈≈≈≈≈≈≈≈≈≈#
≈≈≈≈≈≈≈≈≈≈≈≈###
≈≈≈≈≈≈≈≈≈≈≈##
≈≈≈≈≈≈≈≈≈≈≈#
≈≈≈≈≈≈≈≈≈≈## ###
≈≈≈≈≈≈≈≈### ##≈##
≈≈≈≈≈≈≈#######≈.@##
≈≈≈≈≈≈≈≈≈≈≈≈≈≈(∩)≈#
≈#≈≈≈≈≈#######≈.≈##
### ##.## ###


There were no monsters in sight!

Vanquished Creatures
  Purgy (Sewer)
  4 adders (D:2)
  4 worms
  8 giant geckos
  3 orcs (D:2)
  2 giant cockroaches
  7 goblins
  6 hobgoblins
  8 jackals
  A quokka (D:2)
  5 ball pythons
  3 bats
  12 giant newts
  9 kobolds
  2 rats (D:1)
75 creatures vanquished.

Notes
Turn   | Place    | Note
--------------------------------------------------------------
     0 | D:1      | CrazyArbalest, the Halfling Fighter, began the quest for the Orb.
     0 | D:1      | Reached XP level 1. HP: 15/15 MP: 1/1
   232 | D:1      | Reached XP level 2. HP: 18/21 MP: 2/2
   688 | D:2      | Reached XP level 3. HP: 26/26 MP: 3/3
   778 | D:2      | Reached skill level 1 in Dodging
  1263 | D:2      | Reached XP level 4. HP: 8/31 MP: 4/4
  2399 | D:2      | Reached XP level 5. HP: 29/36 MP: 5/5
  2835 | D:3      | Found an iron altar of Okawaru.
  3133 | D:3      | Found a glowing drain.
  3203 | Sewer    | Entered a sewer
  3214 | Sewer    | Reached skill level 4 in Short Blades
  3315 | Sewer    | Noticed Purgy
  3422 | Sewer    | Killed Purgy
  3422 | Sewer    | Reached XP level 6. HP: 29/43 MP: 6/6
  8314 | Sewer    | Starved to death

Action                   |  1- 3 |  4- 6 || total
-------------------------+-------+-------++-------
Melee: Cutlass           |   117 |   105 ||   222
       Dagger            |       |   200 ||   200
Throw: Stone             |     2 |     3 ||     5
  Use: Scroll            |       |     7 ||     7
       Potion            |       |     3 ||     3
  Eat: Chunk             |       |     9 ||     9
       Fruit             |       |     2 ||     2
       Meat ration       |       |     1 ||     1
       Bread ration      |       |     1 ||     1
